 Dungeon Sprint DCSS version 0.30-a0-953-g5f1da4a474 (webtiles) character file.

Game seed: 18250675570982140089

1000000 fozzywoppz the Shield-Bearer (level 1, -66/19 HPs)
             Began as a Minotaur Fighter on Mar 28, 2023.
             Annihilated by a meat berserker
             ... wielding a +9 battleaxe
              (85 damage)
             ... in the Dungeon (Sprint VIII: "Arena of Blood").
             The game lasted 00:00:46 (10 turns).

fozzywoppz the Shield-Bearer (Minotaur Fighter)       Turns: 10, Time: 00:00:47

Health: -66/19     AC:  6    Str: 20    XL:     1   Next: 0%
Magic:  0/0        EV:  9    Int:  5    God:
Gold:   0          SH:  0    Dex:  9    Spells: 0/0 levels left

rFire   . . .      SeeInvis .    k - +∞ Axe of Woe
rCold   . . .      Faith    .    (shield currently unavailable)
rNeg    . . .      Spirit   .    b - +0 scale mail
rPois   .          Reflect  .    (helmet restricted)
rElec   .          Rampage  .    (no cloak)
rCorr   .          NoTele   +    (no gloves)
Will    .....                    (no boots) Stlth
                                 (no amulet)
HPRegen 0.23/turn                (no ring)
MPRegen 0.07/turn                (no ring)

@: no status effects
A: horns 2, retaliatory headbutt
a: no special abilities


You were in the Dungeon.
You visited 1 branch

Inventory:

Hand Weapons
 a - a +0 war axe
 k - the +∞ Axe of Woe (weapon)
   (You found it in the Dungeon)
Armour
 b - a +0 scale mail (worn)
 c - a +0 buckler
Scrolls
 j - a scroll of blinking
Potions
 d - a potion of might
 e - a potion of curing
 f - a potion of heal wounds
 g - a potion of haste
 h - 2 potions of magic
 i - a potion of berserk rage


   Skills:
 + Level 3.6 Fighting
 + Level 2.4 Axes
 + Level 3.6 Armour
 + Level 0.0 Dodging
 + Level 3.6 Shields


You couldn't memorise any spells.
You didn't know any spells.
Your spell library was empty.

Dungeon Overview and Level Annotations

Branches:
Dungeon (1/1)

Altars:
Makhleb


Innate Abilities, Weirdness & Mutations

You have a pair of horns on your head.
You reflexively headbutt those who attack you in melee.


Message History

k - the +∞ Axe of Woe
Okay, then.
You can't wield that with only one hand.
You hear a shout! x3
You hear a shout! x2
A bag of meat comes into view. It is wielding a +9 war axe.
You hear a shout! x2
There is a staircase leading out of the dungeon here.
Okay, then.
You hear a shout! x5
You start removing your armour.
You continue taking off your +0 buckler.
You hear a shout! x8
You continue taking off your +0 buckler.
Keep disrobing? [Y]es or [N]o only, please.
Keep disrobing?
The bag of meat shouts!
You hear a shout! x5
You continue taking off your +0 buckler.
You hear a shout! x3
The meat berserker rages.
You hear a shout! x4
You continue taking off your +0 buckler.
You hear a shout! x6
The meat berserker rages.
You finish taking off your +0 buckler.
Okay, then.
k - the +∞ Axe of Woe (weapon)
You hear a shout!
Unknown command.
The meat berserker rages.
You hear a shout! x4
You slice the bag of meat!!
You fatally mangle the bag of meat.
You kill the bag of meat!
You hear a shout! x3
A meat berserker comes into view. It is wielding a +9 battleaxe.
You hear a shout! x3
The meat berserker hits you with a +9 battleaxe!!!!
Ouch! That really hurt!
You die...

.. ..O #. ..#
#.. .o# .
.###.. ..###..
......###......
......_.o...
#.)O..# #_.@._#
#..O..#
......_.....
......###......
.###.. ..###..
#.. ..# . #.
..# .. ...


You could see 3 meat berserkers and 2 bags of meat.

Vanquished Creatures
  An orc (D)
1 creature vanquished.

Notes
Turn   | Place    | Note
-------+----------+-------------------------------------------
     0 | D        | Found the +∞ Axe of Woe
     0 | D        | fozzywoppz the Minotaur Fighter began the quest for the
                  | Orb.
     0 | D        | Reached XP level 1. HP: 19/19 MP: 0/0
     2 | D        | Noticed a bag of meat
     5 | D        | Noticed a bag of meat
     5 | D        | Noticed a meat berserker
     7 | D        | Noticed a meat berserker
     7 | D        | Noticed a bag of meat
    10 | D        | Killed a bag of meat
    10 | D        | Noticed a meat berserker
    10 | D        | Annihilated by a meat berserker

Illustrated notes

Levels and vault maps discovered:
D:        meatsprint

Action                     || total
---------------------------++-------
  Melee: Executioner's axe ||     1

Table legend: (Time is in decaauts)
 A = Elapsed time spent in this place.
 B = Non-inter-level travel time spent in this place.
 C = Inter-level travel time spent in this place.
 D = Time resting spent in this place.
 E = Time spent auto-exploring this place.
 F = Levels seen in this place.
 G = Mean time per level.
                   A        B        C        D        E       F      G
               +--------+--------+--------+--------+--------+-----+--------+
         Total |      9 |      9 |      0 |      0 |      0 |   1 |    9.0 |
       Dungeon |      9 |      9 |      0 |      0 |      0 |   1 |    9.0 |
               +--------+--------+--------+--------+--------+-----+--------+

Top non-repeatable levels by time:
       D: 9 daAuts
